 Dungeon Sprint DCSS version 0.31-a0-662-g684573625c (webtiles) character file.

Game seed: 8173770341740513037

593 sircluck the Grappler (level 7, -2/78 HPs)
             Began as a Troll Berserker on Sept 2, 2023.
             Was a Priest of Trog.
             Slain by Sonja
             ... wielding a +1 dagger of distortion
              (7 damage)
             ... in the Dungeon (Sprint I: "Red Sonja").
             The game lasted 00:01:01 (150 turns).

sircluck the Grappler (Troll Berserker)              Turns: 150, Time: 00:01:01

Health: -2/78      AC:  4    Str: 28    XL:     7   Next: 16%
Magic:  6/6        EV: 11    Int:  3    God:    Trog [***...]
Gold:   415        SH:  0    Dex:  9    Spells: 6/6 levels left

rFire   . .          .
                       - Unarmed
rCold   . . .        (no shield)
rNeg    . . .        a - +0 animal skin
rPois   .            (helmet restricted)
rElec   .            (no cloak)
rCorr   .            (gloves unavailable)
SInv    .            (boots unavailable)
Will    .....        (no amulet)
Stlth   +            (no ring)
HPRegen 1.13/turn    (no ring)
MPRegen 0.10/turn

%: no teleportation
@: lethally poisoned (-2 -> -2), slowed, very slow
A: large, unfitting armour, claws 3, regeneration 1, shaggy fur 1, tough skin 1
a: Renounce Religion, Berserk, Trog's Hand


You were in the Dungeon.
You worshipped Trog.
Trog was most pleased with you.
You visited 1 branch You collected 415 gold pieces.

Inventory:

Armour
 a - a +0 animal skin (worn)
Wands
 h - a wand of flame (14)
 i - a wand of roots (12)
Scrolls
 g - a scroll of blinking
 j - a scroll of brand weapon {unknown}
Potions
 b - a potion of curing
 c - a potion of heal wounds
 d - a potion of haste
 e - 2 potions of magic
 f - a potion of berserk rage


   Skills:
 + Level 7.0 Fighting
 + Level 7.0 Dodging
 * Level 11.4 Unarmed Combat


You had 6 spell levels left.
You didn't know any spells.
Your spell library was empty.

Dungeon Overview and Level Annotations

Branches:
Dungeon (1/1)

Altars:
Cheibriados
Dithmenos
Elyvilon
Fedhas
Gozag
Hepliaklqana
Kikubaaqudgha
Makhleb
Nemelex Xobeh
Okawaru
Qazlal
Ru
Sif Muna
Trog
Uskayaw
Vehumet
Wu Jian
Xom
Yredelemnul
Zin
The Shining One
Jiyva
Lugonu

Shops:
D :

Annotations:
D Sonja


Innate Abilities, Weirdness & Mutations

You are too large for most types of armour.
You have claws for hands.
Your natural rate of healing is unusually fast.
You are covered in fur. (AC +1)
You have tough skin. (AC +1)


Message History

There is an open door here.
You open the door.
Sonja, the Graceful Assassin comes into view.
She is wielding a +1 dagger of distortion, quivering curare-tipped darts and carrying a wand of paralysis.
Found 108 gold pieces.
As you close the door, it creaks loudly!
There is a radiant altar of Vehumet here.
You open the door.
Sonja shouts!
Sonja zaps a wand.
You suddenly lose the ability to move!
Sonja zaps a wand.
You shrug off the repeated paralysis!
Sonja throws a curare-tipped dart.
The curare-tipped dart hits you.
You are poisoned.
You have difficulty breathing.
You feel yourself slow down.
You can move again.
Unknown command.
Press < or > to pray at altars.
Which direction?
You close the door.
You feel very sick.
You start resting.
You feel very sick.
Sonja zaps a wand.
You resist with some effort.
You feel very sick.
Sonja hits you with a +1 dagger of distortion.
Sonja misses you.
Sonja hits you with a +1 dagger of distortion.
Space warps around you.
Sonja hits you with a +1 dagger of distortion.
Space warps horribly around you!
Sonja hits you with a +1 dagger of distortion. x2
There is a broken door here.
You completely miss Sonja.
You feel sick.
Sonja hits you with a +1 dagger of distortion.
Space warps horribly around you!!
* * * LOW HITPOINT WARNING * * *
Sonja hits you but does no damage. Space warps around you.
* * * LOW HITPOINT WARNING * * *
Sonja barely misses you.
Sonja hits you with a +1 dagger of distortion!
You die...

#<.#..)..#.)'..#__#..+
#..').#..'..#..'..'..#
#..#####'#####'#__####
#..####..#...#.####
#..#__####..##.#
#..#_____##'#_.+
#⌠⌠#_.∩..†'..._#
####_..__##_.#'#
#_____###@#.# #######
#K### $.$ #$.$# ##.##
#+#


You could see Sonja.

Vanquished Creatures
  A slime creature (D)
  Sigmund (D)
  A yak (D)
  An ogre (D)
  A jelly (D)
  Ijyb (D)
6 creatures vanquished.

Notes
Turn   | Place    | Note
-------+----------+-------------------------------------------
     0 | D        | sircluck the Troll Berserker began the quest for the Orb.
     0 | D        | Reached XP level 1. HP: 22/22 MP: 0/0
     1 | D        | Noticed Ijyb
     8 | D        | Killed Ijyb
     9 | D        | Reached skill level 5 in Unarmed Combat
     9 | D        | Reached XP level 2. HP: 30/31 MP: 1/1
    12 | D        | Noticed an ogre
    17 | D        | Killed an ogre
    18 | D        | Reached skill level 7 in Unarmed Combat
    18 | D        | Reached XP level 3. HP: 40/40 MP: 2/2
    18 | D        | Reached XP level 4. HP: 49/49 MP: 3/3
    35 | D        | Noticed Sigmund
    45 | D        | Killed Sigmund
    45 | D        | Reached ** piety under Trog
    46 | D        | Reached skill level 5 in Fighting
    46 | D        | Reached skill level 5 in Dodging
    46 | D        | Reached skill level 9 in Unarmed Combat
    46 | D        | Reached XP level 5. HP: 58/59 MP: 4/4
    55 | D        | Found a burning altar of Makhleb.
    55 | D        | Found a viscous altar of Jiyva.
    55 | D        | Found a shimmering altar of Xom.
    55 | D        | Found a corrupted altar of Lugonu.
    55 | D        | Noticed a slime creature
    63 | D        | Killed a slime creature
    64 | D        | Reached skill level 10 in Unarmed Combat
    64 | D        | Reached XP level 6. HP: 68/68 MP: 5/5
    87 | D        | Found an ornate altar of the Wu Jian Council.
    87 | D        | Found a shimmering blue altar of Sif Muna.
    89 | D        | Found a radiant altar of Vehumet.
   112 | D        | Found Pyen's Book Emporium.
   112 | D        | Found an ancient bone altar of Kikubaaqudgha.
   112 | D        | Found a hazy altar of Hepliaklqana.
   112 | D        | Found a stormy altar of Qazlal.
   112 | D        | Found a hide-covered altar of Uskayaw.
   112 | D        | Found a blossoming altar of Fedhas.
   112 | D        | Found a bloodstained altar of Trog.
   112 | D        | Found an iron altar of Okawaru.
   112 | D        | Found a basalt altar of Yredelemnul.
   112 | D        | Found a glowing golden altar of the Shining One.
   112 | D        | Found a snail-covered altar of Cheibriados.
   112 | D        | Found a sacrificial altar of Ru.
   112 | D        | Found a glowing silver altar of Zin.
   112 | D        | Found a shadowy altar of Dithmenos.
   112 | D        | Found a white marble altar of Elyvilon.
   112 | D        | Noticed a yak
   113 | D        | Found an opulent altar of Gozag.
   116 | D        | Killed a yak
   116 | D        | Reached *** piety under Trog
   117 | D        | Reached skill level 11 in Unarmed Combat
   117 | D        | Reached XP level 7. HP: 71/78 MP: 6/6
   117 | D        | Found a sparkling altar of Nemelex Xobeh.
   142 | D        | Noticed Sonja
   145 | D        | Paralysed by Sonja for 2 turns
   150 | D        | Slain by Sonja

Illustrated notes

Levels and vault maps discovered:
D:        dungeon_sprint_1 [red_sonja_temple_1, red_sonja_temple_small_1]

Skill      XL: |  1  2  3  4  5  6 |
---------------+-------------------+-----
Fighting       | 3 4 5 6 7 |  7.0
Dodging        | 3 4 5 6 7 |  7.0
Unarmed Combat | 5 7 9 10 11 | 11.4

Action                     |  1- 3 |  4- 6 |  7- 9 || total
---------------------------+-------+-------+-------++-------
  Melee: Unarmed           |    10 |    21 |     1 ||    32
         Punch             |       |     2 |       ||     2
 Invoke: Berserk           |       |     1 |       ||     1
  Evoke: Wand              |     1 |       |       ||     1
 Armour: Animal skin       |     4 |    10 |     8 ||    22
  Dodge: Dodged            |     3 |     4 |     2 ||     9

Table legend: (Time is in decaauts)
 A = Elapsed time spent in this place.
 B = Non-inter-level travel time spent in this place.
 C = Inter-level travel time spent in this place.
 D = Time resting spent in this place.
 E = Time spent auto-exploring this place.
 F = Levels seen in this place.
 G = Mean time per level.
                   A        B        C        D        E       F      G
               +--------+--------+--------+--------+--------+-----+--------+
         Total |    156 |    156 |      0 |      0 |     14 |   1 |  156.0 |
       Dungeon |    156 |    156 |      0 |      0 |     14 |   1 |  156.0 |
               +--------+--------+--------+--------+--------+-----+--------+

Top non-repeatable levels by time:
       D: 156 daAuts
